Map: Berlingrad LE

Players

TheCowboy

  • Race: Protoss Protoss
  • League: Grandmaster

A.I. 1 (Very Easy) - Winner!

  • Race: Protoss Protoss

VOD

Have the link to the VOD?

Description

Time

  • Played on: Dec. 4, 2021, 11:25 a.m.
  • Length: 3:09
Show
View Real Time Build Order
Export as new Build Order

TheCowboy Protoss 

Build Orders: 1 Gate Expand 

Get SALT Encoding   

  12  0:00  Probe  
  13  0:12  Probe  
  14  0:19  Pylon  
  14  0:24  Probe  
  15  0:33  Pylon  
  15  0:37  Probe  
  16  0:49  Probe (Chrono Boost)  
  17  0:52  Gateway  
  17  1:00  Probe (Chrono Boost)  
  18  1:21  Nexus  
  18  1:27  Assimilator  
  18  1:35  Probe  
  18  1:39  Zealot (Chrono Boost)  
  21  1:46  Cybernetics Core  
  21  1:48  Probe  
  22  2:00  Probe, Zealot (Chrono Boost)  
  25  2:05  Pylon  
  25  2:12  Probe  
  26  2:24  Shield Battery, Probe, Stalker (Chrono Boost)  
  29  2:33  Shield Battery  
  29  2:36  Probe  
  30  2:41  Probe  
  31  2:45  Stalker (Chrono Boost)  
  31  2:50  Probe  
  34  2:53  Probe  
  35  3:04  Shield Battery  
  36  3:07  Assimilator  
Show
View Real Time Build Order
Export as new Build Order

A.I. 1 (Very Easy) Protoss - Winner!

Build Orders:  

Get SALT Encoding   

  12  0:00  Probe  
  13  0:13  Probe  
  14  0:19  Pylon  
  14  0:37  Assimilator  
  14  0:42  Gateway  
  14  0:45  Pylon  
  14  1:14  Assimilator  
  14  1:17  Probe  
  14  1:25  Probe  
  16  1:33  Probe  
  16  1:34  Cybernetics Core  
  17  1:43  Probe  
  18  1:55  Probe  
  19  2:03  Probe  
  20  2:10  Stalker  
Tags
 
Add a new tag
Caveats
  • Supply blocks, unpowered buildings, or Contaminate may cause inaccurate times.
  • Supply counts are checked every 10 seconds.